 Dungeon Crawl Stone Soup version 0.25-a0-420-g1cc7eeb0d1 (webtiles) character file.

Game seed: 9313311522652664240, levelgen mode: deterministic

67 Esekla the Gusty (level 4, 0/30 HPs)
             Began as a Human Air Elementalist on Jan 19, 2020.
             Slain by an adder (4 damage)
             ... on level 2 of the Dungeon.
             The game lasted 00:13:36 (1116 turns).

Esekla the Gusty (Human Air Elementalist)           Turns: 1116, Time: 00:13:39

Health: 0/30       AC:  2    Str:  9    XL:     4   Next: 38%
Magic:  2/7        EV: 12    Int: 16    God:
Gold:   48         SH:  0    Dex: 13    Spells: 7/8 levels left

rFire    . . .     SeeInvis .   b - +0 dagger
rCold    . . .     Gourm    .   (no shield)
rNeg     . . .     Faith    .   a - +0 robe
rPois    .         Spirit   .   (no helmet)
rElec    .         Reflect  .   (no cloak)
rCorr    .         Harm     .   (no gloves)
MR       .....                  (no boots)
Stlth    ++........             (no amulet)
HPRegen  0.10/turn              (no ring)
MPRegen  0.10/turn              (no ring)

@: no status effects
A: no striking features
a: no special abilities


You were on level 2 of the Dungeon.
You were very hungry.

You visited 1 branch of the dungeon, and saw 2 of its levels.

You collected 48 gold pieces.

Inventory:

Hand Weapons
 b - a +0 dagger (weapon)
Armour
 a - a +0 robe (worn)
Scrolls
 f - a scroll of identify {unknown}
 g - a scroll of enchant armour {unknown}
 h - a scroll of blinking {unknown}
Potions
 d - a potion of berserk rage {unknown}
 e - a potion of cancellation {unknown}
Comestibles
 c - 4 rations


   Skills:
 + Level 0.1 Fighting
 + Level 0.3 Short Blades
 * Level 2.2 Dodging
 - Level 2.0 Stealth
 * Level 2.5 Spellcasting
 * Level 2.2 Conjurations
 + Level 3.6 Air Magic


You had 7 spell levels left.
You knew the following spells:

 Your Spells              Type           Power        Failure   Level  Hunger
a - Shock                 Conj/Air       ##..         6%          1    #......

Your spell library contained the following spells:

 Spells                   Type           Power        Failure   Level  Hunger
 Swiftness                Chrm/Air       #.......     14%         2    ##.....
 Static Discharge         Conj/Air       ##......     17%         3    ###....
 Airstrike                Air            ##........   41%         4    #####..
 Lightning Bolt           Conj/Air       ##........   85%         5    ######.


Dungeon Overview and Level Annotations

Branches:
Dungeon (2/15)

Altars:
Fedhas


Message History

The bat misses you. The bat closely misses you. The bat barely misses you.
Casting: Shock (safe; 6% risk of failure)
Confirm with . or Enter, or press ? or * to list all spells.
Aiming: Shock (safe; 6% risk of failure)
Press: ? - help, Shift-Dir - straight line
Okay, then.
You closely miss the bat. The bat barely misses you. x2
Casting: Shock (safe; 6% risk of failure)
Confirm with . or Enter, or press ? or * to list all spells.
Aiming: Shock (safe; 6% risk of failure)
Press: ? - help, Shift-Dir - straight line The zap hits the bat.
You kill the bat!
The zap hits the adder.
The adder is lightly wounded.
The zap hits the kobold.
You kill the kobold!
The adder bites you.
You die...

#.#. . #........ #...##
#........ .... .
#........ #.. .
#........ # ##.##
#........ #. ....
#........ #..##.#
#........ #...... #@#
##.##.. #S# #...
#.#############.#.
#.g.K.g.....†##<##
#......##########.#####
#......# ########.†)..)
'......+ ..........####
#......#########.K.#
#............###...#


You could see an adder and a hobgoblin.

Vanquished Creatures
  2 adders (D:2)
  An ooze (D:1)
  2 dart slugs (D:1)
  A leopard gecko (D:1)
  6 bats
  2 giant cockroaches
  2 goblins (D:1)
  8 hobgoblins
  2 jackals (D:2)
  A quokka (D:2)
  4 frilled lizards (D:1)
  7 kobolds
  A rat (D:1)
39 creatures vanquished.

Notes
Turn   | Place    | Note
-------+----------+-------------------------------------------
     0 | D:1      | Esekla the Human Air Elementalist began the quest for the
                  | Orb.
     0 | D:1      | Reached XP level 1. HP: 13/13 MP: 3/3
     1 | D:1      | Found a blossoming altar of Fedhas.
   273 | D:1      | Reached XP level 2. HP: 14/19 MP: 3/5
   535 | D:1      | Reached XP level 3. HP: 21/24 MP: 6/6
   796 | D:2      | Reached XP level 4. HP: 23/30 MP: 0/7
  1116 | D:2      | Slain by an adder

Levels and vault maps discovered:
D:1:      sevenhm_arrival_forest_fort_small_6, layout_basic
D:2:      layout_basic, minmay_vboxes

Skill      XL: |  1  2  3 |
---------------+----------+-----
Conjurations   | 2 |  2.2
Fighting       | |  0.1
Short Blades   | |  0.3
Dodging        | |  2.2
Stealth        | |  2.0
Spellcasting   | |  2.5
Air Magic      | |  3.6

Action                   |  1- 3 |  4- 6 || total
-------------------------+-------+-------++-------
Melee: Unarmed           |     7 |       ||     7
       Dagger            |    22 |    22 ||    44
 Cast: Shock             |    36 |    18 ||    54
 Stab: Sleeping          |     1 |       ||     1
Armor: Robe              |    10 |    17 ||    27
Dodge: Dodged            |    36 |    56 ||    92

Table legend:
 A = Non-vault XP
 B = Vault XP
 C = Vault XP percentage of total XP
 D = Non-vault monster count
 E = Vault monster count
 F = Vault count percentage of total count
                 A         B        C        D         E       F
            +---------+---------+-------+---------+---------+-------
      Total |      75 |      21 |  21.9 |      33 |       6 |  15.4
            +---------+---------+-------+---------+---------+-------
        D:1 |      42 |       0 |   0.0 |      21 |       0 |   0.0
        D:2 |      33 |      21 |  38.9 |      12 |       6 |  33.3
            +---------+---------+-------+---------+---------+-------
